 Dungeon Crawl Stone Soup version 0.17.0-26-gececa24 (webtiles) character file.

196 Raultor the Gusty (level 5, 0/32 HPs)
             Began as an Octopode Air Elementalist on Nov 20, 2015.
             Slain by a slave (4 damage)
             ... led by Pikel
             ... on level 4 of the Dungeon.
             The game lasted 00:16:04 (4051 turns).

Raultor the Gusty (Octopode Air Elementalist)       Turns: 4051, Time: 00:16:04

Health: 0/32       AC:  1    Str:  8    XL:     5   Next: 75%
Magic:  2/8        EV: 12    Int: 18    God:
Gold:   201        SH:  0    Dex: 12    Spells: 3 memorised, 3 levels left

rFire  . . .     SeeInvis .     i - +4 short sword
rCold  . . .     Clarity  .     (no shield)
rNeg   . . .     SustAt   .     (helmet restricted)
rPois  .         Gourm    .     (no amulet)
rElec  .         Spirit   .     (no ring)
rCorr  .         Warding  .     (no ring)
rMut   .         Stasis   .     (no ring)
MR     .....                    (no ring)
Stlth  +++.......               (no ring)
                                (no ring)
                                (no ring)
                                (no ring)

@: swift, repel missiles, quick, not resistant to hostile enchantments, fairly
stealthy
A: almost no armour, amphibious, 8 rings, constrict 8, camouflage 1, gelatinous
body 1
a: no special abilities


You were on level 4 of the Dungeon.
You were hungry.

You visited 2 branches of the dungeon, and saw 5 of its levels.

You collected 201 gold pieces.

Inventory:

Hand Weapons
 i - a +4 short sword (weapon)
Wands
 s - a wand of teleportation (5)
Scrolls
 c - 4 scrolls of identify {unknown}
 d - a scroll of random uselessness {unknown}
 e - a scroll of noise {unknown}
 f - a scroll of fog {unknown}
 h - a scroll of enchant weapon {unknown}
 j - 4 scrolls of immolation {unknown}
 k - a scroll of teleportation {unknown}
 l - a scroll of enchant armour {unknown}
 m - a scroll of blinking {unknown}
 p - 3 scrolls of amnesia {unknown}
Potions
 n - a potion of mutation {unknown}
 t - a potion of poison {unknown}
Books
 a - a book of Air

   Spells                             Type                      Level
   a - Shock                          Conjuration/Air              1
   b - Swiftness                      Charms/Air                   2
   c - Repel Missiles                 Charms/Air                   2
   d - Static Discharge               Conjuration/Air              3
   e - Lightning Bolt                 Conjuration/Air              5
 q - a book of Power

   Spells                             Type                      Level
   a - Fulminant Prism                Conjuration/Hexes            4
   b - Iskenderun's Mystic Blast      Conjuration                  4
   c - Venom Bolt                     Conjuration/Poison           5
   d - Bolt of Magma                  Conjuration/Fire/Earth       5
   e - Iron Shot                      Conjuration/Earth            6
   f - Orb of Destruction             Conjuration                  7
   g - Spellforged Servitor           Conjuration/Summoning        7
Comestibles
 b - 4 bread rations
 g - 3 fruits
 o - a meat ration
 r - a royal jelly


   Skills:
 - Level 0.4 Fighting
 - Level 0.4 Short Blades
 - Level 2.0 Dodging
 - Level 2.6 Stealth
 - Level 2.2 Spellcasting
 * Level 3.2 Conjurations
 - Level 0.4 Charms
 + Level 5.0 Air Magic


You had 3 spell levels left.
You knew the following spells:

 Your Spells              Type           Power        Failure   Level  Hunger
a - Shock                 Conj/Air       ###.         3%          1    #......
b - Repel Missiles        Chrm/Air       ##....       12%         2    ##.....
c - Swiftness             Chrm/Air       ##......     12%         2    ##.....


Dungeon Overview and Level Annotations

Branches:
Dungeon (4/15)             Temple (1/1) D:4

Altars:
Ashenzari
Cheibriados
Elyvilon
Fedhas
Kikubaaqudgha
Makhleb
Nemelex Xobeh
Okawaru
Qazlal
Ru
Sif Muna
Trog
Xom
Yredelemnul
Zin
The Shining One

Annotations:
D:3 exclusion: sky beast
D:4 Pikel


Innate Abilities, Weirdness & Mutations

You cannot wear most types of armour.
You are amphibious.
You can wear up to eight rings at the same time.
You can use your tentacles to constrict eight enemies at once.
Your skin changes colour to match your surroundings (Stealth).
Your rubbery body absorbs attacks (AC +1).


Message History

You constrict the slave, but do no damage.
The slave hits you!
You hit the slave.
The slave is heavily wounded.
You constrict the slave, but do no damage.
The slave hits you!
* * * LOW HITPOINT WARNING * * *
Casting: Shock
Confirm with . or Enter, or press ? or * to list all spells.
Aiming: Shock
Press: ? - help, Shift-Dir - straight line, f/p - slave
Aim: a slave, wearing an animal skin (lightly wounded)
The zap hits the slave.
The slave is severely wounded.
The zap misses the slave.
You constrict the slave. The slave closely misses you.
Casting: Shock
Confirm with . or Enter, or press ? or * to list all spells.
You feel quick.
You constrict the slave. The slave hits you.
You die...

.....# ###.#...#
###.##.##
....##.#########
######.........# p##
#......##.# ..##
##..##.##<#
...####...#.##.######...
...'..........pp@.......
...####........######...
..## ##.#.#.### .##
###...# ## ##.## # #.#
#.# #.# # #.#


You could see 2 slaves.

Vanquished Creatures
  Robin (D:2)
  7 adders
  A gnoll (D:3)
  3 oozes
  A worm (D:2)
  2 giant geckos
  10 orcs (D:3)
  16 goblins
  11 hobgoblins
  2 quokkas
  A ball python (D:3)
  6 bats
  5 giant newts
  6 jackals
  9 kobolds
  4 rats
85 creatures vanquished.

Notes
Turn   | Place    | Note
--------------------------------------------------------------
     0 | D:1      | Raultor the Octopode Air Elementalist began the quest for the Orb.
     0 | D:1      | Reached XP level 1. HP: 11/11 MP: 3/3
   340 | D:1      | Reached XP level 2. HP: 17/17 MP: 3/5
   442 | D:1      | Learned a level 2 spell: Repel Missiles
   445 | D:1      | Learned a level 2 spell: Swiftness
   787 | D:2      | Reached XP level 3. HP: 7/21 MP: 1/6
  1493 | D:2      | Reached skill level 4 in Air Magic
  1493 | D:2      | Reached XP level 4. HP: 22/27 MP: 4/7
  1877 | D:2      | Noticed Robin
  1887 | D:2      | Killed Robin
  2515 | D:3      | Noticed a sky beast
  2690 | D:3      | Reached XP level 5. HP: 17/32 MP: 8/8
  2937 | D:3      | Found an iron altar of Okawaru.
  3802 | D:4      | Reached skill level 5 in Air Magic
  3889 | D:4      | Found a staircase to the Ecumenical Temple.
  3903 | D:4      | Noticed a slave
  3904 | D:4      | Noticed a slave
  3905 | D:4      | Noticed a slave
  3906 | D:4      | Noticed Pikel
  3906 | D:4      | Noticed a slave
  3907 | Temple   | Entered the Ecumenical Temple
  4051 | D:4      | Slain by a slave

Action                   |  1- 3 |  4- 6 || total
-------------------------+-------+-------++-------
Melee: Unarmed           |    40 |       ||    40
       Short sword       |    11 |    81 ||    92
 Cast: Shock             |    38 |    40 ||    78
       Repel Missiles    |     1 |     1 ||     2
       Swiftness         |       |     1 ||     1
 Stab: Sleeping          |     2 |     7 ||     9
  Eat: Chunk             |     2 |     8 ||    10
